AoeStats
← Comend x comend

Oasis

508966384Analyzed
3v3 RM · 6d ago on Sep 24, 2026· 51m 21s· 6 players
Game mode
Random Map
Map size
Normal (6 player)
Population
200
Speed
Normal
Resources
Standard
Victory
Conquest
Starting age
Dark Age
Ending age
Imperial Age
RankedLock teamsTeams togetherTeam positionsShared explorationLock speedFull tech treeHidden civsTurbo modeCheats
Victory
Defeat
🇧🇷 Franks · Brazil
1417
+13
1310
+17
🇧🇷 Turks · Brazil
1186
+23
🇵🇪 Aztecs · Peru
1352
-18
🇵🇪 Mongols · Peru
1338
-18
🇪🇸 Mongols · Spain
1321
-17
JANO11
5:09 Loom
10:55 Feudal Age
11:35 Double-Bit Axe
11:51 Horse Collar
12:54 Gold Mining
15:36 Wheelbarrow
15:04 Fletching
16:20 Padded Archer Armor
21:26 Castle Age
22:12 Bodkin Arrow
21:39 Crossbowman
22:43 Bow Saw
24:57 Gold Shaft Mining
26:40 Hand Cart
26:49 Ballistics
31:08 Imperial Age
28:38 Stone Mining
30:20 Leather Archer Armor
30:15 Scale Barding Armor
32:17 Stone Shaft Mining
32:02 Bracer
33:23 Heavy Plow
35:20 Chemistry
35:28 Parthian Tactics
36:09 Capped Ram
37:19 Conscription
37:28 Heavy Cavalry Archer
41:13 Chain Barding Armor
41:04 Forging
40:32 Elite Mangudai
41:47 Siege Ram
42:57 Fortified Wall
48:27 Iron Casting
48:00 Thumb Ring
Comend x comend
6:36 Loom
8:38 Feudal Age
18:03 Town Watch
20:25 Castle Age
25:09 Double-Bit Axe
25:14 Horse Collar
26:43 Town Watch
31:04 Stone Mining
34:14 Wheelbarrow
39:34 Imperial Age
38:17 Gold Mining
39:22 Bow Saw
44:25 Heavy Plow
44:43 Hand Cart
46:52 Bloodlines
46:43 Heavy Camel Rider
48:55 Forging
48:51 Scale Barding Armor
50:11 Iron Casting
Dr. House
10:06 Feudal Age
9:36 Loom
10:44 Double-Bit Axe
11:00 Gold Mining
11:31 Horse Collar
16:37 Castle Age
17:02 Scale Mail Armor
16:55 Eagle Warrior
18:44 Gambesons
19:02 Squires
20:12 Forging
23:45 Iron Casting
24:43 Wheelbarrow
25:09 Heavy Plow
25:21 Bow Saw
25:55 Chain Mail Armor
27:23 Hand Cart
28:18 Town Watch
30:09 Gold Shaft Mining
32:56 Imperial Age
32:09 Fletching
34:09 Plate Mail Armor
33:01 Elite Eagle Warrior
33:35 Pikeman
35:33 Blast Furnace
34:26 Stone Mining
37:56 Bodkin Arrow
39:38 Garland Wars
39:40 Conscription
39:11 Treadmill Crane
40:32 Chemistry
40:59 Stone Shaft Mining
40:58 Padded Archer Armor
41:00 Bracer
46:01 Atlatl
46:26 Ballistics
46:24 Leather Archer Armor
47:34 Murder Holes
47:31 Elite Skirmisher
[RZ] Citrato de Sildenafila 50mg
7:01 Loom
9:19 Feudal Age
14:16 Double-Bit Axe
14:39 Fletching
18:48 Padded Archer Armor
23:08 Castle Age
22:09 Gold Mining
22:05 Horse Collar
23:49 Bodkin Arrow
23:20 Crossbowman
24:55 Bow Saw
25:48 Town Watch
27:15 Ballistics
28:42 Leather Archer Armor
39:00 Imperial Age
37:44 Stone Mining
38:00 Heavy Plow
38:36 Wheelbarrow
39:23 Gold Shaft Mining
40:27 Bracer
41:31 Chemistry
41:35 Arbalester
42:21 Thumb Ring
46:00 Conscription
49:37 Hand Cart
50:32 Ring Archer Armor
50:49 Siege Engineers
52:01 Chemistry
HighLanderGhost
8:38 Loom
10:48 Feudal Age
11:23 Double-Bit Axe
11:20 Horse Collar
13:55 Wheelbarrow
21:19 Castle Age
19:45 Scale Barding Armor
19:52 Forging
19:42 Padded Archer Armor
20:37 Stone Mining
21:09 Bloodlines
23:07 Bow Saw
22:59 Heavy Plow
23:36 Chain Barding Armor
27:48 Fletching
29:24 Padded Archer Armor
30:52 Husbandry
31:50 Iron Casting
34:34 Gold Mining
35:02 Leather Archer Armor
39:07 Imperial Age
36:58 Hand Cart
36:29 Town Watch
37:20 Bodkin Arrow
40:22 Ring Archer Armor
40:29 Plate Barding Armor
41:35 Ring Archer Armor
41:08 Bracer
42:47 Conscription
44:24 Blast Furnace
45:45 Elite Janissary
47:35 Hoardings
47:14 Masonry
47:47 Artillery
49:14 Scale Mail Armor
51:50 Gold Shaft Mining
[RZ] Icaro
7:02 Loom
9:45 Feudal Age
10:38 Double-Bit Axe
16:31 Forging
17:18 Scale Barding Armor
21:10 Gold Mining
24:06 Castle Age
25:15 Chain Barding Armor
25:30 Iron Casting
24:57 Husbandry
27:04 Bow Saw
28:50 Wheelbarrow
40:26 Imperial Age
39:24 Gold Shaft Mining
40:59 Hand Cart
40:30 Town Watch
40:29 Cavalier
42:12 Blast Furnace
41:48 Plate Barding Armor
42:10 Paladin
42:18 Paladin
42:48 Light Cavalry
44:33 Town Patrol
50:10 Conscription
Connection lost

Rejoining the realm…

Still unreachable

The connection could not be restored.

Session expired

The server has moved on; the page needs a fresh start.